 Dungeon Crawl Stone Soup version 0.31-a0-521-gc7390f8997 (webtiles) character file.

Game seed: 1885858056012998126

509 jasper the Mimic (level 6, -5/27 (29) HPs)
             Began as a Spriggan Shapeshifter on Aug 10, 2023.
             Killed by divine providence
             ... invoked by an orc priest
              (10 damage)
             ... on level 4 of the Dungeon.
             The game lasted 00:05:27 (2874 turns).

jasper the Mimic (Spriggan Shapeshifter)            Turns: 2874, Time: 00:05:27

HP:   -5/27 (29)    AC:  3    Str: 17    XL:     6   Next: 98%
MP:   7/7           EV: 17    Int: 10    God:
Gold: 150           SH:  0    Dex: 17    Spells: 5/5 levels left

rFire   . . .        f - +1 short sword of Anguish {speed, rC+}
rCold   + . .        (no shield)
rNeg    . . .        a - +1 animal skin
rPois   .            (helmet currently unavailable)
rElec   .            (cloak currently unavailable)
rCorr   .            (gloves unavailable)
SInv    +            (boots unavailable)
Will    +....        (no amulet)
Stlth   ++           e - +6 ring of strength
HPRegen 0.24/turn    (no ring)
MPRegen 0.10/turn

%: no passive effects
@: beast-form, drained, very quick
A: beast (slay +4), very small, no large weapons, unfitting armour, see
invisible, speed 3
a: Begin Untransformation


You were on level 4 of the Dungeon.
You were a hulking beast.
You visited 1 branch of the dungeon, and saw 4 of its levels.

You collected 150 gold pieces.

Inventory:

Hand Weapons
 f - the +1 short sword of Anguish (weapon) {speed, rC+}
   (You took it off a goblin on level 2 of the Dungeon)

   rC+:       It protects you from cold.
Missiles
 g - 2 poisoned darts
 t - 2 boomerangs
Armour
 a - a +1 animal skin (worn)
 o - a +2 cloak
Jewellery
 e - a +6 ring of strength (left hand)
Talismans
 c - a beast talisman (active)
 d - a flux talisman
 r - a serpent talisman
Wands
 h - a wand of paralysis (15)
 q - a wand of flame (10)
Scrolls
 j - 2 scrolls of fear
 m - a scroll of amnesia
 v - a scroll of enchant armour
Potions
 b - a potion of lignification
 i - a potion of curing
 k - 2 potions of brilliance {unknown}
 l - 2 potions of degeneration {unknown}
 n - a potion of heal wounds {unknown}
 p - 2 potions of haste {unknown}


   Skills:
 + Level 0.9 Fighting
 + Level 2.8 Dodging
 + Level 0.6 Stealth
 - Level 2.4 Unarmed Combat
 + Level 0.4 Evocations
 - Level 9.0 Shapeshifting


You had 5 spell levels left.
You didn't know any spells.
Your spell library contained the following spells:

 Spells                   Type           Power      Damage    Failure   Level
 Gell's Gravitas          Tloc           0%         N/A       75%         3
 Teleport Other           Tloc           0%         N/A       75%         3
 Dispersal                Tloc           0%         N/A       100%        6


Dungeon Overview and Level Annotations

Branches:
Dungeon (4/15)
 Temple: D:4-7

Altars:


Innate Abilities, Weirdness & Mutations

You are a hulking beast.
Your limbs bulge with bestial killing power. (Slay +4)
You are very small and have problems with some larger weapons.
You are too small for most types of armour.
You have supernaturally acute eyesight. (SInv)
You cover ground extremely quickly. (Speed+++)


Message History

Things that are here:
a +0 club; a +0 leather armour; an orc corpse The orc priest looks satisfied for a moment.
The orc priest barely misses you.
You hit the orc priest.
The orc priest is lightly wounded.
You hit the orc priest.
The orc priest is heavily wounded.
The orc priest hits you with a +0 hand axe.
You take 4 damage, and have 21/29 hp.
You puncture the orc priest!
You kill the orc priest!
Training target 9.0 for Shapeshifting reached!
Your Shapeshifting skill increases to level 9!
You need to enable at least one skill for training.
Unknown command.
Unknown command.
You completely miss the orc. You closely miss the orc.
The orc hits you with a +1 short sword of draining.
You feel drained.
You take 4 damage, and have 17/27 hp.
You puncture the orc!
You kill the orc!
You closely miss the orc priest.
You hit the orc priest but do no damage.
The orc priest mumbles some strange prayers to Beogh against you.
Beogh smites you!
* * * LOW HITPOINT WARNING * * *
You take 13 damage, and have 4/27 hp.
MASSIVE DAMAGE!!
You hit the orc priest but do no damage.
You hit the orc priest but do no damage.
You punch the orc priest!
The orc priest is heavily wounded.
The orc priest miscasts a cantrip.
You barely miss the orc priest.
The orc priest is heavily wounded.
The orc priest invokes the aid of Beogh against you.
Beogh smites you!
You die...

#.#########.#.#.###### #.##
##.#.....# #..#######..#..<..#
#...........#.....######
#############..........######
..?..... ##....####......# .
g.######### #....####......#
.. #######.............. ...
.##.oh.)..............
...#####.##.####..........###.
.......##.# #..........# #.
###########.# ######.....###.
#.o.o.......# ####......
#.########### #.####.
#.#...### #.#.<.. #o#.....
#.#.##. #o#..###### #.#.###


You could see an orc priest.

Vanquished Creatures
  A black bear (D:4)
  An ogre (D:4)
  A scorpion (D:4)
  A howler monkey (D:4)
  A jelly (D:4)
  An orc priest (D:4)
  A hound (D:4)
  An iguana (D:4)
  3 adders
  2 worms
  2 dart slugs
  7 orcs
  6 endoplasms
  2 giant cockroaches
  8 goblins
  8 hobgoblins
  6 jackals (D:1)
  4 quokkas
  5 ball pythons
  10 bats
  4 frilled lizards (D:1)
  3 kobolds
  3 rats
81 creatures vanquished.

Notes
Turn   | Place    | Note
-------+----------+-------------------------------------------
     0 | D:1      | jasper the Spriggan Shapeshifter began the quest for the
                  | Orb.
     0 | D:1      | Reached XP level 1. HP: 9/9 MP: 2/2
   174 | D:1      | Reached XP level 2. HP: 14/14 MP: 3/3
   330 | D:1      | Reached skill level 5 in Shapeshifting
   432 | D:1      | Reached XP level 3. HP: 14/17 MP: 4/4
  1077 | D:2      | Identified the +1 short sword of Anguish {speed, rC+}
  1574 | D:3      | Reached XP level 4. HP: 21/21 MP: 5/5
  1697 | D:3      | Reached skill level 6 in Shapeshifting
  2238 | D:4      | Noticed a black bear
  2255 | D:4      | Killed a black bear
  2256 | D:4      | Reached skill level 7 in Shapeshifting
  2256 | D:4      | Reached XP level 5. HP: 19/25 MP: 6/6
  2323 | D:4      | Reached XP level 6. HP: 23/29 MP: 7/7
  2385 | D:4      | Reached skill level 8 in Shapeshifting
  2867 | D:4      | Reached skill level 9 in Shapeshifting
  2874 | D:4      | Killed from afar by an orc priest

Illustrated notes

Levels and vault maps discovered:
D:1:      dpeg_arrival_brainrot, layout_basic, minmay_hedge_maze
D:2:      layout_rooms, minmay_bisected
D:3:      layout_rooms, chequers_mini_garden
D:4:      layout_basic, serial_co_window_serial, co_window_corner_a,
          co_window_paths_a, co_window_paths_b, co_window_paths_a,
          co_window_of_opportunity_a, co_window_corner_ca, co_window_corner_b,
          co_window_of_opportunity_b, co_window_cross_3, co_window_broadway_b,
          co_window_paths_d, glass_columns_a, glass_columns_c,
          kennysheep_generic_room_6

Skill      XL: |  1  2  3  4  5  6 |
---------------+-------------------+-----
Shapeshifting  | 5 7 9 |  9.0
Fighting       | |  0.9
Dodging        | |  2.8
Stealth        | |  0.6
Unarmed Combat | |  2.4
Evocations     | |  0.4

Action                     |  1- 3 |  4- 6 || total
---------------------------+-------+-------++-------
  Melee: Unarmed           |    90 |       ||    90
         Punch             |     4 |     4 ||     8
         Short sword       |    44 |   124 ||   168
  Evoke: Wand              |       |     7 ||     7
    Use: Scroll            |     5 |     4 ||     9
   Stab: Sleeping          |     3 |       ||     3
         Paralysed         |       |    16 ||    16
 Armour: Animal skin       |    12 |     7 ||    19
  Dodge: Dodged            |    92 |    49 ||   141

Table legend: (Time is in decaauts)
 A = Elapsed time spent in this place.
 B = Non-inter-level travel time spent in this place.
 C = Inter-level travel time spent in this place.
 D = Time resting spent in this place.
 E = Time spent auto-exploring this place.
 F = Levels seen in this place.
 G = Mean time per level.
                   A        B        C        D        E       F      G
               +--------+--------+--------+--------+--------+-----+--------+
         Total |   1982 |   1937 |     45 |    150 |   1294 |   4 |  495.5 |
       Dungeon |   1982 |   1937 |     45 |    150 |   1294 |   4 |  495.5 |
               +--------+--------+--------+--------+--------+-----+--------+

Top non-repeatable levels by time:
     D:1: 714 daAuts
     D:4: 517 daAuts
     D:3: 414 daAuts
     D:2: 336 daAuts
